 Dungeon Crawl Stone Soup version 0.32-a0-675-gdc239d62e1 (webtiles) character file.

Game seed: 11495526168426628795

2564 ytrimaz the Covert (level 9, -3/53 HPs)
             Began as an Octopode Shapeshifter on Mar 11, 2024.
             Was an Initiate of Ashenzari.
             Slain by a gnoll
             ... wielding a +5 flail
             ... led by a gnoll sergeant
              (4 damage)
             ... on level 7 of the Dungeon.
             The game lasted 00:10:41 (6993 turns).

ytrimaz the Covert (Octopode Shapeshifter)          Turns: 6993, Time: 00:10:41

Health: -3/53      AC:  1    Str: 25    XL:     9   Next: 57%
Magic:  9/9        EV: 13    Int: 14    God:    Ashenzari [......]
Gold:   348        SH:  4    Dex: 13    Spells: 8/8 levels left

rFire   + .          .
                       - Unarmed
rCold   . . .        (no shield)
rNeg    . . .        (helmet currently unavailable)
rPois   .            (no amulet)
rElec   .            o - ring of Xuhel {rF+ rCorr Str+6 Dex+3 Stlth-}
rCorr   +            (no ring)
SInv    .            (no ring)
Will    +....        (no ring)
Stlth   ++++         (no ring)
HPRegen 0.28/turn    (no ring)
MPRegen 0.11/turn    (no ring)
                     (no ring)

%: no passive effects
@: beast-form, enlightened, flying
A: beast (slay +4), almost no armour, amphibious, 8 rings, camouflage 1,
gelatinous body 1, (nimble swimmer 1), tentacles, large bone plates 1, strong 1
a: Begin Untransformation, Renounce Religion


You were on level 7 of the Dungeon.
You worshipped Ashenzari.
Ashenzari was noncommittal.
You were a hulking beast.
You visited 2 branches of the dungeon, and saw 8 of its levels.

You collected 348 gold pieces.


Innate Abilities, Weirdness & Mutations

You are a hulking beast.
Your limbs bulge with bestial killing power. (Slay +4)
You cannot wear most types of armour.
You are amphibious.
You can wear up to eight rings at the same time.
Your skin changes colour to match your surroundings (Stealth+).
Your rubbery body absorbs attacks. (AC +1, EV +1)
((You are camouflaged when in or above water. (Stealth+)))
You have tentacles for arms and can constrict up to eight enemies at once.
You are partially covered in large bone plates. (SH +4)
Your muscles are strong. (Str +4, Int/Dex -1)


   Skills:
 - Level 1.0 Fighting
 - Level 2.0 Dodging
 - Level 10.2 Stealth
 + Level 8.0 Unarmed Combat
 + Level 7.4 Shapeshifting


You had 8 spell levels left.
You didn't know any spells.
Your spell library contained the following spells:

 Spells                   Type           Power      Damage    Failure   Level
 Apportation              Tloc           0%         N/A       28%         1
 Freeze                   Ice            0%         1d3       28%         1
 Necrotise                Necr           0%         1d4       28%         1
 Sting                    Conj/Alch      0%         1d3       28%         1
 Summon Small Mammal      Summ           0%         N/A       28%         1
 Frozen Ramparts          Ice            0%         1d1       65%         3
 Hailstorm                Conj/Ice       0%         3d5       65%         3
 Summon Ice Beast         Ice/Summ       0%         N/A       65%         3
 Vampiric Draining        Necr           0%         2d6       65%         3
 Leda's Liquefaction      Alch/Erth      0%         N/A       96%         4
 Martyr's Knell           Necr/Summ      0%         N/A       96%         4
 Petrify                  Alch/Erth      0%         N/A       96%         4
 Curse of Agony           Necr           0%         N/A       100%        5
 Metabolic Englaciation   Hex/Ice        0%         N/A       100%        5
 Summon Mana Viper        Hex/Summ       0%         N/A       100%        5
 Monstrous Menagerie      Summ           0%         N/A       100%        7

Inventory:

Jewellery
 o - the ring of Xuhel (left tentacle) {rF+ rCorr Str+6 Dex+3 Stlth-}
   (You found it on level 4 of the Dungeon)

   [ring of strength]

   Str+6:     It affects your strength (+6).
   Dex+3:     It affects your dexterity (+3).
   rF+:       It protects you from fire.
   rCorr:     It protects you from acid and corrosion.
   Stlth-:    It makes you less stealthy.
Talismans
 b - a beast talisman (active)
 c - a flux talisman
Wands
 e - a wand of warping (27) (quivered)
   (You found it on level 4 of the Dungeon)
Scrolls
 a - a scroll of enchant weapon {unknown}
 d - 2 scrolls of vulnerability {unknown}
 f - 2 scrolls of noise
 g - 2 scrolls of butterflies
 i - a scroll of silence {unknown}
 j - 3 scrolls of enchant armour
 l - a scroll of teleportation

Dungeon Overview and Level Annotations

Branches:
Dungeon (7/15) Zot: 26712  Temple (1/1) D:4 Zot: 5957

Altars:
Ashenzari
Cheibriados
Elyvilon
Fedhas
Gozag
Kikubaaqudgha
Makhleb
Nemelex Xobeh
Okawaru
Qazlal
Ru
Trog
Uskayaw
Vehumet
Wu Jian
Xom
Yredelemnul
Zin
The Shining One

Shops:
D:1

( ##.. .... #..#
#..## .... #..######
#).g...gg
#)###################
#..gh................
#.###############.###
### ###


You could see a gnoll.


Message History

Found a snail-covered altar of Cheibriados.
There is a staircase back to the Dungeon here.
You climb upwards.
Welcome back to the Dungeon!
There is a staircase to the Ecumenical Temple here.
There is an open door here.
There is a stone staircase leading down here.
You climb downwards.
There is a stone staircase leading up here.
There is a stone staircase leading down here.
You climb downwards.
There is a stone staircase leading up here.
Done exploring.
Done exploring.
Done exploring.
There is an escape hatch in the floor here.
There is a stone staircase leading down here.
You climb downwards.
You hear the hiss of flowing sand.
There is an entrance to an ossuary on this level.
Hurry and find it before the portal is buried!
You hear the slow hiss of a very distant avalanche of sand.
You have a vision of a gate.
There is a stone staircase leading up here.
Key pressed, stopping explore.
You hear the slow hiss of a very distant avalanche of sand.
Key pressed, stopping explore.
A gnoll sergeant and 3 gnolls come into view.
The gnoll sergeant shouts!
The gnoll shouts!
There are monsters nearby!
Unknown command.
You start waiting.
You hear the hiss of a very distant avalanche of sand.
You start waiting.
A gnoll is nearby!
Unknown command.
A gnoll comes into view.
It is wielding a +0 whip and quivering a throwing net.
The gnoll shouts! x2; You hear a shout!
The gnoll misses you.
The gnoll shouts!
Unknown command.
You bludgeon the gnoll!
You kill the gnoll!
A gnoll comes into view. It is wielding a +5 flail.
The gnoll hits you from afar with a +0 halberd! 😕 HP[-13]
You take 13 damage, and now have 40/53 hp.
MASSIVE DAMAGE!! (PAUSE) 😕 HP[+1] Unknown command.
You tentacle-slap the gnoll. You grab the gnoll. You constrict the gnoll.
You kill the gnoll!
You closely miss the gnoll sergeant. You grab the gnoll sergeant.
You tentacle-slap the gnoll sergeant. You constrict the gnoll sergeant.
The gnoll closely misses you.
The gnoll sergeant hits you with a +0 spear!
* * * LOW HITPOINT WARNING * * *
😨 HP[-15]
You take 15 damage, and now have 26/53 hp.
MASSIVE DAMAGE!! (PAUSE)
You tentacle-slap the gnoll sergeant but do no damage.
You constrict the gnoll sergeant. You block the gnoll's attack.
The gnoll sergeant hits you with a +0 spear!
* * * LOW HITPOINT WARNING * * *
😨 HP[-11]
You take 11 damage, and now have 15/53 hp.
MASSIVE DAMAGE!! (PAUSE) Unknown command.
You bludgeon the gnoll sergeant!
You kill the gnoll sergeant!
The gnoll closely misses you.
Your Unarmed Combat skill increases to level 8! 😨 HP[+1] Unknown command.
It was a potion of enlightenment.
You feel very buoyant.
You fly up into the air.
The gnoll closely misses you.
Unknown command.
Unknown command.
You bludgeon the gnoll!
You kill the gnoll!
The gnoll hits you from afar with a +0 halberd!
* * * LOW HITPOINT WARNING * * *
😱 HP[-10]
You take 10 damage, and now have 6/53 hp.
Unknown command.
Unknown command. 😱 HP[+1]
The gnoll attacks as it pursues you! The gnoll closely misses you.
The gnoll barely misses you.
You bludgeon the gnoll! You grab the gnoll. You squeeze the gnoll.
You kill the gnoll! 😱 HP[+1] Unknown command.
The gnoll hits you with a +5 flail!
* * * LOW HITPOINT WARNING * * *
You see here a +0 halberd. 😱 HP[-7]
You take 7 damage, and now have 1/53 hp.
You barely miss the gnoll. You grab the gnoll. You squeeze the gnoll!
You constrict the gnoll. The gnoll hits you with a +5 flail.
You die...

Skill      XL: |  1  2  3  4  5  6  7  8  9 |
---------------+----------------------------+-----
Stealth        | 1 2 3 4 5 7 9 10 | 10.2
Unarmed Combat | 4 5 7 8 |  8.0
Shapeshifting  | 4 5 6 7 |  7.4
Fighting       | |  1.0
Dodging        | |  2.0

Action                     |  1- 3 |  4- 6 |  7- 9 || total
---------------------------+-------+-------+-------++-------
  Melee: Unarmed           |    55 |    59 |   170 ||   284
         Constrict         |    13 |    11 |    41 ||    65
         Tentacles         |     8 |     9 |    32 ||    49
         Punch             |     2 |     2 |    14 ||    18
  Evoke: Wand              |       |       |     7 ||     7
    Use: Potion            |       |     6 |     3 ||     9
         Scroll            |       |     1 |     6 ||     7
   Stab: Sleeping          |    10 |     8 |    17 ||    35
         Distracted        |       |       |     1 ||     1
 Armour: Skin              |    11 |    82 |   101 ||   194
  Dodge: Dodged            |    24 |    26 |    68 ||   118
  Block: Other             |       |       |    19 ||    19

Levels and vault maps discovered:
D:1:      psy_arrival_radial02, layout_basic,
          shapermc_ecumenical_altar_mp_urbaneastern, serial_shops, shop,
          minmay_fountain_box, wad_floor_pattern_1,
          chequers_serial_rivers_micro_c
D:2:      minmay_chambers_of_twos, layout_loops_ring
D:3:      layout_loops_ring
D:4:      layout_cave_pods, vehumet_crystals, nicolae_overflow_crystal_walls,
          minmay_temple_entry_fiery, uniq_duvessa, uniq_grinder,
          uniq_blork_the_orc
D:5:      minmay_thick_lines, layout_cave_pools, lemuel_crystal_altar,
          elyvilon_altar_5, gup_sewer_entry_bubbles, minmay_misc_feat_room
D:6:      layout_basic, nemelex_dance_club_becter, uniq_sigmund
D:7:      layout_basic, nicolae_dithmenos_through_a_glass_darkly,
          enter_ossuary_1, chequers_serial_rivers_micro_c, grunt_ministairs_13,
          uniq_crazy_yiuf_cottage, uniq_joseph
Temple:   dpeg_chambers_temple

Notes
Turn   | Place    | Note
-------+----------+-------------------------------------------
     0 | D:1      | ytrimaz the Octopode Shapeshifter began the quest for the
                  | Orb.
     0 | D:1      | Reached XP level 1. HP: 13/13 MP: 1/1
     0 | D:1      | magus.rc [v1.9.6]
   113 | D:1      | Reached skill level 1 in Stealth
   154 | D:1      | Reached XP level 2. HP: 14/18 MP: 2/2
   175 | D:1      | Found Luni's Antique Weapon Shoppe.
   210 | D:1      | magus.rc [v1.9.6]
   210 | D:1      | Found a faded altar of an unknown god.
   814 | D:1      | You pick up a book of Beasts and begin reading...
   814 | D:1      | You add the spells Summon Ice Beast, Summon Mana Viper and
                  | Monstrous Menagerie to your library.
  1152 | D:2      | Reached skill level 2 in Stealth
  1165 | D:2      | Reached XP level 3. HP: 23/23 MP: 3/3
  1574 | D:2      | You pick up a book of Frost and begin reading...
  1574 | D:2      | You add the spells Freeze, Frozen Ramparts and Hailstorm to
                  | your library.
  1585 | D:2      | Reached XP level 4. HP: 28/28 MP: 4/4
  1637 | D:2      | Noticed a scorpion
  1641 | D:2      | Killed a scorpion
  1642 | D:2      | Reached skill level 3 in Stealth
  1642 | D:2      | Reached skill level 4 in Unarmed Combat
  1642 | D:2      | Reached XP level 5. HP: 17/33 MP: 5/5
  2170 | D:3      | You pick up a book of Necromancy and begin reading...
  2170 | D:3      | You add the spells Necrotise, Vampiric Draining, Martyr's
                  | Knell and Curse of Agony to your library.
  2571 | D:3      | You pick up a book of Cantrips and begin reading...
  2571 | D:3      | You add the spells Sting, Summon Small Mammal and
                  | Apportation to your library.
  2617 | D:4      | Identified the ring of Xuhel {rF+ rCorr Str+6 Dex+3 Stlth-}
  2638 | D:4      | Reached skill level 4 in Stealth
  2638 | D:4      | Reached skill level 4 in Shapeshifting
  2730 | D:4      | Gained mutation: You have hidden genetic potential. [potion
                  | of mutation]
  2730 | D:4      | Gained mutation: You are dopey. (Int -2) [potion of
                  | mutation]
  2730 | D:4      | Gained mutation: Your muscles are strong. (Str +4, Int/Dex
                  | -1) [potion of mutation]
  2739 | D:4      | Reached XP level 6. HP: 38/38 MP: 6/6
  2917 | D:4      | Found a radiant altar of Vehumet.
  2956 | D:4      | Noticed Blork the orc
  2961 | D:4      | Killed Blork the orc
  2962 | D:4      | Reached skill level 5 in Stealth
  2964 | D:4      | Gained mutation: You are partially covered in large bone
                  | plates. (SH +4) [hidden potential]
  3064 | D:4      | Noticed Grinder
  3168 | D:4      | Killed Grinder
  3169 | D:4      | Reached skill level 5 in Unarmed Combat
  3169 | D:4      | Reached XP level 7. HP: 22/43 MP: 7/7
  3345 | D:4      | Reached skill level 6 in Stealth
  3356 | D:4      | Lost mutation: You are dopey. (Int -2) [hidden potential]
  3356 | D:4      | Lost mutation: You have hidden genetic potential. [hidden
                  | potential expressed]
  3530 | D:4      | Noticed Dowan
  3530 | D:4      | Noticed Duvessa
  3537 | D:4      | Reached skill level 5 in Shapeshifting
  3554 | D:4      | Killed Duvessa
  3572 | D:4      | Killed Dowan
  3722 | D:4      | Found a hide-covered altar of Uskayaw.
  3760 | D:4      | Reached skill level 7 in Stealth
  3760 | D:4      | Reached XP level 8. HP: 47/48 MP: 8/8
  4063 | D:4      | Found a staircase to the Ecumenical Temple.
  4170 | D:5      | Entered Level 5 of the Dungeon
  4186 | D:5      | Found a white marble altar of Elyvilon.
  4258 | D:5      | Reached skill level 6 in Unarmed Combat
  4339 | D:5      | Found an iron altar of Okawaru.
  4517 | D:5      | HP: 10/48 [something (4)]
  4851 | D:5      | HP: 8/48 [ice beast (11)]
  4853 | D:5      | Reached skill level 8 in Stealth
  4853 | D:5      | Reached skill level 6 in Shapeshifting
  5144 | D:5      | Upgraded the game from 0.32-a0-673-g3729bd50f8 to
                  | 0.32-a0-675-gdc239d62e1
  5144 | D:5      | magus.rc [v1.9.6]
  5549 | D:6      | Noticed Sigmund
  5554 | D:6      | Killed Sigmund
  5555 | D:6      | Reached skill level 9 in Stealth
  5555 | D:6      | Reached skill level 7 in Unarmed Combat
  5563 | D:6      | Reached XP level 9. HP: 36/53 MP: 9/9
  5913 | D:6      | Found a sparkling altar of Nemelex Xobeh.
  5935 | D:6      | Noticed a manticore
  5942 | D:6      | Killed a manticore
  5943 | D:6      | Reached skill level 10 in Stealth
  5943 | D:6      | Reached skill level 7 in Shapeshifting
  6309 | D:6      | You pick up a book of Sloth and begin reading...
  6309 | D:6      | You add the spells Leda's Liquefaction, Petrify and
                  | Metabolic Englaciation to your library.
  6741 | Temple   | Entered the Ecumenical Temple
  6762 | Temple   | Became a worshipper of Ashenzari the Shackled
  6984 | D:7      | Reached skill level 8 in Unarmed Combat
  6985 | D:7      | HP: 6/53 [gnoll/+0 halberd[a gnoll sergeant] (10)]
  6992 | D:7      | HP: 1/53 [gnoll/+5 flail[a gnoll sergeant] (7)]
  6993 | D:7      | Slain by a gnoll

Vanquished Creatures
  A manticore (D:6)
  Grinder (D:4)
  Sigmund (D:6)
  2 water moccasins
  Duvessa (D:4)
  An ice beast (D:5)
  2 sky beasts (D:6)
  An ogre (D:6)
  A kobold brigand (D:6)
  Blork the orc (D:4)
  A scorpion (D:2)
  2 gnoll sergeants
  Dowan (D:4)
  2 bombardier beetles
  3 hounds
  A jelly (D:4)
  2 gnoll boudas
  3 orc priests (D:4)
  An iguana (D:4)
  A sleepcap (D:5)
  3 orc wizards
  17 gnolls
  7 adders
  A river rat (D:5)
  A white imp (D:6)
  2 ufetubi (D:5)
  3 ribbon worms
  15 orcs
  9 endoplasms
  4 giant cockroaches
  9 goblins
  5 hobgoblins
  4 jackals (D:5)
  10 kobolds
  7 quokkas
  3 ball pythons
  8 bats
  4 frilled lizards
  6 rats
147 creatures vanquished.

Table legend:
 A = Non-vault XP
 B = Vault XP
 C = Vault XP percentage of total XP
 D = Non-vault monster count
 E = Vault monster count
 F = Vault count percentage of total count
                 A         B        C        D         E       F
            +---------+---------+-------+---------+---------+-------
      Total |    2297 |    1367 |  37.3 |     118 |      29 |  19.7
            +---------+---------+-------+---------+---------+-------
        D:1 |      29 |       0 |   0.0 |      18 |       0 |   0.0
        D:2 |     135 |      14 |   9.4 |      16 |       8 |  33.3
        D:3 |      30 |       0 |   0.0 |       8 |       0 |   0.0
        D:4 |     528 |     560 |  51.5 |      32 |       4 |  11.1
        D:5 |     362 |     447 |  55.3 |      23 |      14 |  37.8
        D:6 |    1070 |     346 |  24.4 |      16 |       3 |  15.8
        D:7 |     143 |       0 |   0.0 |       5 |       0 |   0.0
            +---------+---------+-------+---------+---------+-------

Skill      XL: |  1  2  3  4  5  6  7  8  9 |
---------------+----------------------------+-----
Stealth        | 1 2 3 4 5 7 9 10 | 10.2
Unarmed Combat | 4 5 7 8 |  8.0
Shapeshifting  | 4 5 6 7 |  7.4
Fighting       | |  1.0
Dodging        | |  2.0

Action                     |  1- 3 |  4- 6 |  7- 9 || total
---------------------------+-------+-------+-------++-------
  Melee: Unarmed           |    55 |    59 |   170 ||   284
         Constrict         |    13 |    11 |    41 ||    65
         Tentacles         |     8 |     9 |    32 ||    49
         Punch             |     2 |     2 |    14 ||    18
  Evoke: Wand              |       |       |     7 ||     7
    Use: Potion            |       |     6 |     3 ||     9
         Scroll            |       |     1 |     6 ||     7
   Stab: Sleeping          |    10 |     8 |    17 ||    35
         Distracted        |       |       |     1 ||     1
 Armour: Skin              |    11 |    82 |   101 ||   194
  Dodge: Dodged            |    24 |    26 |    68 ||   118
  Block: Other             |       |       |    19 ||    19

Illustrated notes

Table legend:
 A = Kills in this place as a percentage of kills in the entire game.
 B = Kills by you in this place as a percentage of kills by you in the entire game.
 C = Kills by friends in this place as a percentage of kills by friends in the entire game.
 D = Other kills in this place as a percentage of other kills in the entire game.
 E = Experience gained in this place as a percentage of experience gained in the entire game.
 F = Experience gained in this place divided by the number of levels of this place that you have seen.
                   A       B       C       D       E      F
               +-------+-------+-------+-------+-------+----------------------
         Total | 100.0 | 100.0 |   N/A |   N/A | 100.0 | 458.0
       Dungeon | 100.0 | 100.0 |   N/A |   N/A | 100.0 | 523.4
               +-------+-------+-------+-------+-------+----------------------

Table legend: (Time is in decaauts)
 A = Elapsed time spent in this place.
 B = Non-inter-level travel time spent in this place.
 C = Inter-level travel time spent in this place.
 D = Time resting spent in this place.
 E = Time spent auto-exploring this place.
 F = Levels seen in this place.
 G = Mean time per level.
                   A        B        C        D        E       F      G
               +--------+--------+--------+--------+--------+-----+--------+
         Total |   6967 |   6618 |    349 |    305 |   5347 |   8 |  870.9 |
       Dungeon |   6924 |   6615 |    309 |    305 |   5347 |   7 |  989.1 |
        Temple |     42 |      2 |     40 |      0 |      0 |   1 |   42.0 |
               +--------+--------+--------+--------+--------+-----+--------+

Top non-repeatable levels by time:
     D:4: 1726 daAuts
     D:5: 1256 daAuts
     D:6: 1218 daAuts
     D:1: 1108 daAuts
     D:2: 837 daAuts
     D:3: 651 daAuts
     D:7: 125 daAuts
  Temple: 42 daAuts
